AoeStats
← dobled2daoe

Pilgrims

508069406Analyzed
4v4 RM · 11d ago on Sep 20, 2026· 53m 30s· 8 players
Game mode
Random Map
Map size
Large (8 player)
Population
200
Speed
Normal
Resources
Standard
Victory
Conquest
Starting age
Dark Age
Ending age
Imperial Age
RankedLock teamsTeams togetherTeam positionsShared explorationLock speedFull tech treeHidden civsTurbo modeCheats
Victory
Defeat
🇫🇷 Burmese · France
1377
+14
🇫🇷 Romans · France
1333
+16
🇫🇷 Huns · France
1249
+19
🇫🇷 Dravidians · France
1136
+24
🇲🇽 Poles · Mexico
1334
-19
🇨🇴 Chinese · Colombia
1329
-19
🇲🇽 Khmer · Mexico
1309
-18
1300
-17
dobled2daoe
3:21 Loom
12:54 Feudal Age
17:46 Castle Age
20:50 Fletching
22:52 Bodkin Arrow
33:26 Imperial Age
49:48 Bracer
[FUCKI] Obi-One Canboneme
9:01 Loom
24:47 Feudal Age
29:18 Castle Age
27:24 Fishing Lines
28:37 Double-Bit Axe
28:36 Horse Collar
30:46 Medium Warships
31:49 Fletching
34:11 Bodkin Arrow
37:00 Wheelbarrow
47:11 Hand Cart
Ezemic
2:53 Loom
10:43 Feudal Age
11:23 Double-Bit Axe
18:06 Castle Age
16:22 Horse Collar
17:45 Bloodlines
17:29 Gold Mining
19:06 Husbandry
19:46 Wheelbarrow
21:16 Scale Barding Armor
22:02 Forging
28:59 Fletching
29:10 Padded Archer Armor
30:13 Elite Skirmisher
31:12 Leather Archer Armor
30:54 Bodkin Arrow
33:57 Bodkin Arrow
38:12 Ballistics
45:24 Imperial Age
jimboneko
3:08 Loom
11:34 Feudal Age
13:28 Town Watch
13:43 Stone Mining
17:13 Castle Age
15:50 Horse Collar
16:52 Gold Mining
18:43 Double-Bit Axe
20:36 Wheelbarrow
21:04 Fletching
29:14 Hand Cart
35:13 Imperial Age
33:41 Scale Barding Armor
34:46 Bloodlines
34:36 Husbandry
34:58 Chain Barding Armor
35:25 Cavalier
36:41 Plate Barding Armor
37:34 Forging
37:53 Town Patrol
42:03 Iron Casting
43:02 Bodkin Arrow
44:10 Blast Furnace
47:46 Heavy Plow
49:07 Crop Rotation
52:42 Conscription
reska
19:17 Loom
21:02 Feudal Age
24:48 Double-Bit Axe
29:16 Wheelbarrow
35:52 Castle Age
35:01 Horse Collar
36:44 Padded Archer Armor
36:35 Fletching
38:10 Bodkin Arrow
40:54 Ballistics
41:29 Husbandry
Chacal90z
11:57 Feudal Age
16:10 Castle Age
14:34 Double-Bit Axe
18:09 Fletching
20:27 Gold Mining
22:05 Stone Mining
23:16 Wheelbarrow
28:29 Imperial Age
26:02 Fishing Lines
27:53 Gold Shaft Mining
27:54 Bow Saw
31:14 Chemistry
31:49 Ballistics
32:15 Heavy Scorpion
32:42 Capped Ram
36:11 Scale Barding Armor
36:46 Husbandry
37:34 Bloodlines
36:45 Cavalier
Alboboff
9:11 Loom
12:17 Feudal Age
16:10 Castle Age
16:33 Double-Bit Axe
16:49 Fletching
18:03 Bodkin Arrow
21:12 Wheelbarrow
20:53 Bow Saw
22:23 Ballistics
26:48 Thumb Ring
27:53 Horse Collar
29:38 Bloodlines
29:29 Husbandry
31:14 Gold Mining
31:16 Stone Mining
35:04 Imperial Age
34:41 Hand Cart
34:12 Town Watch
36:45 Chemistry
36:00 Bracer
36:01 Padded Archer Armor
36:37 Parthian Tactics
37:14 Cavalier
38:08 Scale Barding Armor
38:14 Forging
41:22 Chain Barding Armor
41:40 Iron Casting
41:37 Conscription
43:40 Paladin
45:42 Plate Barding Armor
47:45 Blast Furnace
50:30 Leather Archer Armor
53:30 Gold Shaft Mining
Taisst
8:31 Loom
11:18 Feudal Age
13:23 Wheelbarrow
15:47 Castle Age
16:32 Horse Collar
17:05 Gold Mining
20:17 Padded Archer Armor
25:14 Fletching
27:07 Gold Shaft Mining
28:00 Bodkin Arrow
29:20 Bloodlines
29:10 Husbandry
30:43 Hand Cart
33:37 Stone Mining
34:44 Heavy Plow
39:25 Imperial Age
37:37 Town Watch
40:14 Scale Barding Armor
40:20 Forging
40:19 Manipur Cavalry
40:41 Conscription
41:46 Crop Rotation
41:51 Chain Barding Armor
43:53 Plate Barding Armor
44:59 Iron Casting
45:04 Elite Battle Elephant
47:10 Blast Furnace
46:31 Howdah
49:38 Bracer
Connection lost

Rejoining the realm…

Still unreachable

The connection could not be restored.

Session expired

The server has moved on; the page needs a fresh start.